 Dungeon Crawl Stone Soup version 0.26.1-16-g4e020e15dc (webtiles) character file.

Game seed: 1456452299857813424

52 Froggeryz the Cudgeller (level 3, -2/30 HPs)
             Began as a Demigod Gladiator on Mar 17, 2023.
             Slain by a gnoll
             ... wielding a +0 halberd
              (4 damage)
             ... on level 2 of the Dungeon.
             The game lasted 00:00:59 (1418 turns).

Froggeryz the Cudgeller (Demigod Gladiator)         Turns: 1418, Time: 00:00:59

Health: -2/30      AC:  4    Str: 19    XL:     3   Next: 39%
Magic:  5/5        EV: 13    Int: 12    God:
Gold:   65         SH:  0    Dex: 17    Spells: 2/2 levels left

rFire    + + .     SeeInvis .   a - +0 flail
rCold    . . .     Faith    .   (no shield)
rNeg     . . .     Spirit   .   b - +0 leather armour
rPois    .         Reflect  .   c - +0 helmet
rElec    .         Harm     .   (no cloak)
rCorr    .         Rampage  .   (no gloves)
Will     .....                  (no boots)
Stlth    +.........             (no amulet)
HPRegen  0.10/turn              i - ring of protection from fire
MPRegen  0.09/turn              l - ring of protection from fire

@: lethally poisoned (-2 -> -22)
A: high mp 1
a: no special abilities


You were on level 2 of the Dungeon.
You visited 1 branch of the dungeon, and saw 2 of its levels.

You collected 65 gold pieces.

Inventory:

Hand Weapons
 a - a +0 flail (weapon)
Missiles
 d - 3 throwing nets (quivered)
Armour
 b - a +0 leather armour (worn)
 c - a +0 helmet (worn)
Jewellery
 i - a ring of protection from fire (left hand)
 l - a ring of protection from fire (right hand)
Scrolls
 f - a scroll of blinking {unknown}
 g - a scroll of enchant weapon {unknown}
 h - 2 scrolls of teleportation {unknown}
 j - 4 scrolls of identify {unknown}
 k - a scroll of remove curse {unknown}
 m - a scroll of enchant armour {unknown}
Potions
 e - a potion of haste {unknown}
 n - 2 potions of might {unknown}
 o - a potion of magic {unknown}


   Skills:
 + Level 2.3 Fighting
 * Level 3.5 Maces & Flails
 - Level 1.7 Throwing
 + Level 1.3 Armour
 - Level 2.6 Dodging


You had 2 spell levels left.
You didn't know any spells.
Your spell library was empty.

Dungeon Overview and Level Annotations

Branches:
Dungeon (2/15)


Innate Abilities, Weirdness & Mutations

You have an increased reservoir of magic. (+10% MP)


Message History

The gnoll misses you. The gnoll closely misses you.
You barely miss the gnoll.
The gnoll is heavily wounded.
A gnoll comes into view. It is wielding a +2 halberd of venom.
The gnoll hits you but does no damage. The gnoll closely misses you.
The gnoll shouts!
You sock the gnoll!
You kill the gnoll!
The gnoll drinks a potion.
The gnoll flickers and vanishes!
Deactivating autopickup; reactivate with Ctrl-A.
A hobgoblin comes into view. It is wielding a +0 club.
The gnoll barely misses you.
A hobgoblin comes into view. It is wielding a +0 club.
The hobgoblin shouts!
Something hits you!
Ouch! That really hurt!
* * * LOW HITPOINT WARNING * * *
You are lethally poisoned!
The gnoll hits you with a +0 halberd.
You die...

... #...# #.# #...#
#.# #...####.
#.####........
#.............
#######..###..###..
. .........# ##.#
..# ########.#
#.###..... #.#
#.@gg.# #.# ##g{.##
##########.# #.#.#
...........# .###..
############ # #..
.#.. # # ... ...
###.


You could see a gnoll and 2 hobgoblins.

Vanquished Creatures
  A gnoll (D:2)
  An ooze (D:2)
  2 dart slugs
  A leopard gecko (D:1)
  2 bats
  A giant cockroach (D:2)
  5 goblins
  4 hobgoblins
  2 jackals (D:1)
  5 kobolds
  A quokka (D:2)
  3 ball pythons
  A frilled lizard (D:1)
  2 rats
31 creatures vanquished.

Notes
Turn   | Place    | Note
-------+----------+-------------------------------------------
     0 | D:1      | Froggeryz the Demigod Gladiator began the quest for the
                  | Orb.
     0 | D:1      | Reached XP level 1. HP: 17/17 MP: 3/3
   221 | D:1      | Reached skill level 3 in Maces & Flails
   286 | D:1      | Reached XP level 2. HP: 13/24 MP: 4/4
   888 | D:2      | Reached skill level 1 in Armour
  1141 | D:2      | Reached XP level 3. HP: 27/29 MP: 5/5
  1418 | D:2      | Slain by a gnoll

Illustrated notes

Levels and vault maps discovered:
D:1:      dpeg_arrival_more_subterranean_lakeside_camping, layout_basic
D:2:      layout_loops_ring

Skill      XL: |  1  2 |
---------------+-------+-----
Fighting       | 2 |  2.3
Maces & Flails | 3 |  3.5
Armour         | 1 |  1.3
Throwing       | |  1.7
Dodging        | |  2.6

Action                   || total
-------------------------++-------
Melee: Flail             ||   113
 Stab: Sleeping          ||     1
Armor: Leather armour    ||    39
Dodge: Dodged            ||   108
